 Dungeon Crawl Stone Soup version 0.27-a0-1308-gc08437e49b (webtiles) character file.

Game seed: 12965206965901811504

67 mordus the Covered (level 3, -4/31 HPs)
             Began as a Minotaur Fighter on June 18, 2021.
             Slain by Sigmund (7 damage)
             ... on level 3 of the Dungeon.
             The game lasted 00:02:15 (1586 turns).

mordus the Covered (Minotaur Fighter)               Turns: 1586, Time: 00:02:15

Health: -4/31      AC:  7    Str: 21    XL:     3   Next: 98%
Magic:  2/2        EV:  7    Int:  5    God:
Gold:   87         SH:  0    Dex:  9    Spells: 2/2 levels left

rFire    + . .     SeeInvis .   a - +0 war axe
rCold    + . .     Faith    .   c - +0 kite shield
rNeg     . . .     Spirit   .   b - +0 scale mail
rPois    +         Reflect  .   (helmet restricted)
rElec    +         Harm     .   (no cloak)
rCorr    +         Rampage  .   (no gloves)
Will     .....                  (no boots)
Stlth    ..........             (no amulet)
HPRegen  0.10/turn              (no ring)
MPRegen  0.08/turn              (no ring)

@: confused, resistant, flying
A: horns 2, retaliatory headbutt
a: no special abilities


You were on level 3 of the Dungeon.
You visited 1 branch of the dungeon, and saw 3 of its levels.

You collected 87 gold pieces.

Inventory:

Hand Weapons
 a - a +0 war axe (weapon)
Armour
 b - a +0 scale mail (worn)
 c - a +0 kite shield (worn)
Scrolls
 e - 2 scrolls of noise {unknown}
 h - 3 scrolls of teleportation {unknown}
 j - a scroll of silence {unknown}
Potions
 d - a potion of might
 g - a potion of flight
 i - a potion of degeneration {unknown}


   Skills:
 - Level 3.6 Fighting
 * Level 4.1 Axes
 + Level 4.3 Armour
 + Level 4.2 Shields


You had 2 spell levels left.
You didn't know any spells.
Your spell library was empty.

Dungeon Overview and Level Annotations

Branches:
Dungeon (3/15)

Altars:

Annotations:
D:3 Sigmund


Innate Abilities, Weirdness & Mutations

You have a pair of horns on your head.
You reflexively headbutt those who attack you in melee.


Message History

You feel protected.
Sigmund points at you and mumbles some strange words.
The magic dart hits you. Sigmund gestures at you while chanting.
You resist with significant effort.
You barely miss Sigmund.
A kobold comes into view. It is wielding a +0 whip.
Sigmund hits you with a +0 scythe.
You barely miss Sigmund.
The kobold shouts!
Your headbutt misses Sigmund. You block Sigmund's attack.
Sigmund barely misses you.
You barely miss Sigmund. You slash the kobold!
You kill the kobold!
Sigmund hits you with a +0 scythe.
You closely miss Sigmund. Your headbutt misses Sigmund.
You block Sigmund's attack.
Sigmund gestures wildly while chanting.
Sigmund flickers and vanishes!
Deactivating autopickup; reactivate with Ctrl-A.
You hit something but do no damage.
You hear some strange, mumbled words.
A puff of flame appears from out of thin air!
The puff of flame hits you but does no damage.
You barely miss something. You headbutt something!
Something hits you but does no damage. Something hits you.
You closely miss something. You headbutt something. Something hits you.
* * * LOW HITPOINT WARNING * * *
You barely miss something. Your headbutt misses something.
Something hits you but does no damage. Something hits you.
* * * LOW HITPOINT WARNING * * *
It was a potion of flight.
You feel very buoyant.
You fly up into the air.
Something hits you.
* * * LOW HITPOINT WARNING * * *
You closely miss something. Your headbutt misses something.
You hear some strange, mumbled words.
You are confused.
Something hits you!
You die...

# .# #.##
#.#######$..###
#.....<@.{....#
#.#######)..#.#
#.## .# . #. #.
.#


There were no monsters in sight!

Vanquished Creatures
  3 adders (D:2)
  A dart slug (D:1)
  7 ball pythons
  5 bats
  2 endoplasms (D:1)
  3 goblins (D:1)
  3 hobgoblins
  5 jackals (D:1)
  A quokka (D:1)
  A frilled lizard (D:2)
  4 kobolds
  3 rats
38 creatures vanquished.

Notes
Turn   | Place    | Note
-------+----------+-------------------------------------------
     0 | D:1      | mordus the Minotaur Fighter began the quest for the Orb.
     0 | D:1      | Reached XP level 1. HP: 19/19 MP: 0/0
   366 | D:1      | Reached XP level 2. HP: 26/26 MP: 1/1
   969 | D:1      | Reached XP level 3. HP: 29/31 MP: 2/2
  1572 | D:3      | Noticed Sigmund
  1586 | D:3      | Slain by Sigmund

Illustrated notes

Levels and vault maps discovered:
D:1:      minmay_arrival_diagonal_passages, layout_loops_ring,
          serial_bayou_pond_c
D:2:      layout_basic
D:3:      layout_loops_ring, tgw_xom, cheibrodos_sewer_entry_sluice,
          shapermc_ecumenical_altar_gd, uniq_sigmund, uniq_ijyb

Skill      XL: |  1  2  3 |
---------------+----------+-----
Axes           | 3 4 |  4.1
Armour         | 4 |  4.3
Shields        | 4 |  4.2
Fighting       | |  3.6

Action                   || total
-------------------------++-------
Melee: War axe           ||    76
       Headbutt          ||    14
  Use: Potion            ||     2
Armor: Scale mail        ||    35
Dodge: Dodged            ||    25
Block: Kite shield       ||    33

Table legend: (Time is in decaauts)
 A = Elapsed time spent in this place.
 B = Non-inter-level travel time spent in this place.
 C = Inter-level travel time spent in this place.
 D = Time resting spent in this place.
 E = Time spent auto-exploring this place.
 F = Levels seen in this place.
 G = Mean time per level.
                   A        B        C        D        E       F      G
               +--------+--------+--------+--------+--------+-----+--------+
         Total |   1633 |   1572 |     61 |      0 |   1347 |   3 |  544.3 |
       Dungeon |   1633 |   1572 |     61 |      0 |   1347 |   3 |  544.3 |
               +--------+--------+--------+--------+--------+-----+--------+

Top non-repeatable levels by time:
     D:1: 1072 daAuts
     D:2: 543 daAuts
     D:3: 18 daAuts
